 Dungeon Crawl Stone Soup version 0.18-a0-270-ga9d907f (webtiles) character file.

52 Raultor the Sneak (level 3, -1/33 HPs)
             Began as a Naga Assassin on Nov 26, 2015.
             Slain by an adder (3 damage)
             ... on level 2 of the Dungeon.
             The game lasted 00:03:16 (1416 turns).

Raultor the Sneak (Naga Assassin)                   Turns: 1416, Time: 00:03:16

Health: -1/33      AC:  3    Str: 14    XL:     3   Next: 85%
Magic:  3/3        EV: 10    Int: 11    God:
Gold:   88         SH:  0    Dex: 12    Spells: 0 memorised, 2 levels left

rFire  . . .     SeeInvis +     a - +2 dagger
rCold  . . .     Clarity  .     c - +0 robe
rNeg   . . .     SustAt   .     (no shield)
rPois  +         Gourm    .     (no helmet)
rElec  .         Spirit   .     d - +0 cloak
rCorr  .         Warding  .     (no gloves)
rMut   .         Stasis   .     (no barding)
MR     .....                    (no amulet)
Stlth  ++++......               (no ring)
                                (no ring)

@: lethally poisoned (-1 -> -3), very slow, not resistant to hostile
enchantments, stealthy
A: see invisible, deformed body, poison resistance, slowness 2, slow metabolism
1, spit poison 2, AC +1
a: Spit Poison


You were on level 2 of the Dungeon.
You were not hungry.

You visited 1 branch of the dungeon, and saw 2 of its levels.

You collected 88 gold pieces.

Inventory:

Hand Weapons
 a - a +2 dagger (weapon)
 b - a +0 blowgun
 h - a +0 whip of electrocution
Missiles
 e - 20 poisoned needles
 f - 2 curare-tipped needles
 v - 5 poisoned javelins (quivered)
Armour
 c - a +0 robe (worn)
 d - a +0 cloak (worn)
Scrolls
 k - a scroll of noise {unknown}
 l - a scroll of enchant weapon {unknown}
 o - a scroll of immolation {unknown}
 p - 2 scrolls of remove curse {unknown}
 q - a scroll of enchant armour {unknown}
 r - 3 scrolls of teleportation {unknown}
 w - a scroll of magic mapping {unknown}
 x - a scroll of identify {unknown}
Potions
 i - a potion of flight {unknown}
 m - a potion of heal wounds {unknown}
 n - a potion of curing {unknown}
 s - a potion of might {unknown}
 z - a potion of agility {unknown}
Comestibles
 g - a bread ration
 j - a beef jerky
 u - a meat ration


   Skills:
 + Level 2.8 Fighting
 + Level 2.0 Short Blades
 - Level 1.0 Maces & Flails
 - Level 1.7 Throwing
 + Level 1.5 Dodging
 + Level 6.5 Stealth


You had 2 spell levels left.
You didn't know any spells.

Dungeon Overview and Level Annotations

Branches:
Dungeon (2/15)

Altars:
Kikubaaqudgha
Trog


Innate Abilities, Weirdness & Mutations

You cannot wear boots.
Your serpentine skin is tough (AC +1).
You have supernaturally acute eyesight.
Armour fits poorly on your strangely shaped body.
Your system is resistant to poisons.
You cover ground very slowly.
You have a slow metabolism.
You can spit poison.


Message History

You hit the adder.
The adder is severely wounded.
You feel sick. The adder bites you.
* * * LOW HITPOINT WARNING * * *
The adder bites you.
* * * LOW HITPOINT WARNING * * *
You hit the adder.
The adder is almost dead.
The adder misses you. The adder bites you but does no damage.
You hit the adder but do no damage.
The adder is almost dead.
The adder bites you.
* * * LOW HITPOINT WARNING * * *
The adder bites you.
* * * LOW HITPOINT WARNING * * *
You closely miss the adder.
The adder is almost dead.
* * * LOW HITPOINT WARNING * * *
You feel sick. The adder bites you.
You die...

#############
#...........#
####...........#
#..............# .
#..............#
...#...........####
...............####
..<...S@..........#
......S...........#
.#.#..#####.......#
#.. ##.......######
...
..............>.
..#.
............####
....... ....
...........#.#
.........#...
...........#.# #
........#
............####


You could see 2 adders.

Vanquished Creatures
  2 adders (D:2)
  A worm (D:2)
  2 giant geckos (D:2)
  A ball python (D:2)
  2 bats
  2 giant cockroaches
  4 goblins
  4 hobgoblins
  2 giant newts (D:1)
  6 kobolds
  4 rats
30 creatures vanquished.

Notes
Turn   | Place    | Note
--------------------------------------------------------------
     0 | D:1      | Raultor the Naga Assassin began the quest for the Orb.
     0 | D:1      | Reached XP level 1. HP: 19/19 MP: 1/1
    27 | D:1      | Reached skill level 6 in Stealth
   241 | D:1      | Reached skill level 1 in Dodging
   331 | D:1      | Reached XP level 2. HP: 23/26 MP: 2/2
   606 | D:1      | You fall through a shaft!
   633 | D:2      | Found an ancient bone altar of Kikubaaqudgha.
   781 | D:2      | Reached XP level 3. HP: 33/33 MP: 3/3
   850 | D:2      | Reached skill level 1 in Maces & Flails
  1124 | D:2      | Found a bloodstained altar of Trog.
  1416 | D:2      | Slain by an adder

Vault maps used:
D:1:      evilmike_arrival_run_for_it, minmay_statues_item
D:2:      lightli_temple_of_fire, kiku_gazebo_pond_becter

Action                   || total
-------------------------++-------
Melee: Dagger            ||    55
       Whip              ||    54
 Stab: Sleeping          ||    12
  Eat: Chunk             ||     1
